Stars vs Senateurs
Created - February 15, 2023 at 19:31
Goals
|
Stars |
1 |
2 |
3 |
6 |
Senateurs |
0 |
1 |
1 |
2 |
|
Shots
|
Stars |
11 |
14 |
8 |
33 |
Senateurs |
11 |
14 |
6 |
31 |
|
1st period
1. Stars , Brian Lee 2 (Cory Emmerton 8, Jonathan Drouin 7) at 5:07
Penalties :
Brian Lee (Dal) for Interference (Minor) at 2:50, Guillaume Latendresse (Dal) for Roughing (Minor) at 11:59
2nd period
2. Stars , Scott Kosmachuck 4 (Jonathan Drouin 8) at 4:07
3. Stars , John Tavares 35 (Guillaume Latendresse 21) at 14:46 (PP)
4. Senateurs , Sidney Crosby 19 (Eric Gelinas 18, Jared Cowen 25) at 19:08 (PP)
Penalties :
Brian Lee (Dal) for Tripping (Minor) at 4:51, Sean Bergenheim (Ott) for Holding (Minor) at 14:02, Paul Ladue (Dal) for Slashing (Minor) at 18:55
3rd period
5. Stars , Cam Atkinson 3 (Andrej Sustr 8) at 1:14
6. Senateurs , Sean Bergenheim 14 (Jeff Woywitka 3, Sidney Crosby 35) at 2:42
7. Stars , Evgeny Grachev 7 (Boris Valabik 8, Brian Lee 31) at 7:00 (PP)
8. Stars , Cam Atkinson 4 (Tobias Rieder 7, Tyson Barrie 12) at 19:24
Penalties :
Evgeni Malkin (Ott) for Tripping (Minor) at 5:17, Andrej Sustr (Dal) for Spearing (Major / Game Misconduct) at 7:29, Boris Valabik (Dal) for Tripping (Minor) at 7:52
Goalie Stats
Matt Murray (Dal), 29 saves from 31 shots - (0.935), W, 19-14-4, 60:00 minutes
Jonathan Bernier (Ott), 27 saves from 33 shots - (0.818), L, 14-14-1, 60:00 minutes
Players Stats for Stars
Player Name G A P +/- PIM S H SB GA TA FO MP PP MP PK MP
------------------------------------------------------------------------------------
Alex Chiasson 0 0 0 0 0 1 0 0 0 0 0/0 14:27 1:25 0:30
Andrej Sustr 0 1 1 2 15 0 0 1 0 0 0/0 15:07 0:31 2:36
Andrew Ladd 0 0 0 0 0 3 1 2 0 0 0/1 17:50 1:25 4:27
Boris Valabik 0 1 1 -1 2 1 4 0 0 1 0/0 27:18 1:56 5:35
Brian Lee 1 1 2 0 4 1 1 1 0 1 0/0 26:27 1:56 3:46
Cam Atkinson 2 0 2 1 0 4 1 0 0 0 0/0 11:39 0:00 0:00
Cory Emmerton 0 1 1 2 0 6 2 0 0 0 2/6 13:47 0:00 2:31
Evgeny Grachev 1 0 1 0 0 1 0 1 0 0 3/15 15:46 1:25 2:20
Evgeny Kuznetsov 0 0 0 1 0 1 1 1 0 0 1/3 6:26 0:00 0:00
Guillaume Latendresse 0 1 1 0 2 3 3 0 0 1 0/2 21:12 1:02 3:29
John Tavares 1 0 1 0 0 6 0 2 1 2 21/33 23:08 1:02 5:25
Jonathan Drouin 0 2 2 2 0 1 1 0 0 0 0/0 8:48 0:00 2:02
Michael Grabner 0 0 0 0 0 0 2 0 1 0 0/1 17:49 1:02 0:00
Paul Ladue 0 0 0 3 2 2 2 1 0 0 0/0 20:55 0:31 5:07
Scott Kosmachuck 1 0 1 1 0 1 1 0 0 0 0/0 6:26 0:00 0:00
Tobias Rieder 0 1 1 1 0 1 0 0 0 0 0/0 11:16 0:00 0:00
Tyler Wotherspoon 0 0 0 1 0 1 2 1 0 0 0/0 15:17 0:00 3:04
Tyson Barrie 0 1 1 2 0 0 2 1 0 0 0/0 13:08 0:00 1:44
Players Stats for Senateurs
Player Name G A P +/- PIM S H SB GA TA FO MP PP MP PK MP
------------------------------------------------------------------------------------
Anthony Bitetto 0 0 0 -1 0 0 1 0 0 1 0/0 10:31 0:34 0:00
Brandon Sutter 0 0 0 -2 0 3 1 0 1 0 5/9 15:42 4:25 0:56
Cody Eakin 0 0 0 -1 0 0 1 0 1 0 1/3 9:33 1:15 0:07
David Backes 0 0 0 0 0 2 0 0 0 0 0/1 20:52 4:21 0:00
Eric Gelinas 0 1 1 -3 0 1 2 1 0 1 0/0 28:04 6:04 0:51
Evgeni Malkin 0 0 0 -1 2 1 1 0 0 0 8/10 16:18 4:16 0:19
Garnet Hathaway 0 0 0 -2 0 2 1 0 0 0 0/0 9:58 1:38 0:00
Jared Cowen 0 1 1 -3 0 1 1 1 0 0 0/0 28:03 6:04 0:51
Jason Akeson 0 0 0 -1 0 3 2 0 0 0 0/0 10:19 0:00 0:00
Jeff Woywitka 0 1 1 1 0 3 2 1 0 0 0/0 21:19 4:31 1:36
Jordan Martinook 0 0 0 -1 0 0 1 0 0 0 0/0 9:25 1:08 0:26
Michael Frolik 0 0 0 0 0 3 1 0 0 0 0/1 17:42 5:10 1:05
Michael Matheson 0 0 0 -1 0 0 0 0 0 0 0/0 10:25 0:34 0:00
Rostislav Olesz 0 0 0 0 0 0 1 0 0 0 1/1 11:41 0:01 0:00
Sean Bergenheim 1 0 1 0 2 6 3 0 2 0 0/0 22:49 5:35 0:56
Sidney Crosby 1 1 2 0 0 5 2 0 0 0 19/36 23:12 5:38 1:05
Taylor Chorney 0 0 0 1 0 1 1 0 0 0 0/0 21:19 4:31 1:36
Tim Schaller 0 0 0 -1 0 0 1 0 1 0 0/0 10:19 0:00 0:00
3 Stars
1 - Cam Atkinson (Dal)
2 - Jonathan Drouin (Dal)
3 - Scott Kosmachuck (Dal)
Power Play
Stars - 2 on 2 Attempt(s) - 100.00%
Senateurs - 1 on 6 Attempt(s) - 16.67%
Penalty Kill
Stars - 5 on 6 Attempt(s) - 83.33%
- Score 0 goal in Penalty Kill
Senateurs - 0 on 2 Attempt(s) - 0.00%
- Score 0 goal in Penalty Kill
Team Stat
Stars - Hits : 23 - Faceoff Wins : 27 - Blocked Shots : 11 - Penalty Minutes : 25
Senateurs - Hits : 22 - Faceoff Wins : 34 - Blocked Shots : 3 - Penalty Minutes : 4
Official
Referees : Frederick L'Ecuyer and Jon McIsaac
Linesman : Trent Knorr and Bevan Mills
Game Notes
Andrej Sustr (Dal) for Spearing (Major / Game Misconduct) at 7:29
Andrej Sustr ejected from game at 7:29 of 3rd period
Finance
Level 1 -- Attendance: 5371 (89.52%) -- Ticket Income $537,100
Level 2 -- Attendance: 5000 (100.00%) -- Ticket Income $300,000
Level 3 -- Attendance: 1878 (93.90%) -- Ticket Income $65,730
Level 4 -- Attendance: 4000 (100.00%) -- Ticket Income $100,000
Luxury Box -- Attendance: 944 (94.40%) -- Ticket Income $188,800
Game was played at the Centre Canadian Tire.
Total Attendance: 17193 (95.52%)
Total Ticket Income: $1,191,630
Other Income: $178,744
Total Income: $1,370,374
Stars
5 vs 5 Forward
Center Left Wing Right Wing Time % Phy DF OF
1 John Tavares Guillaume Latendresse Michael Grabner 40 1 2 2
2 Evgeny Grachev Andrew Ladd Alex Chiasson 30 1 2 2
3 Cory Emmerton Tobias Rieder Cam Atkinson 20 1 2 2
4 Evgeny Kuznetsov Jonathan Drouin Scott Kosmachuck 10 1 2 2
5 vs 5 Defense
Defense Defense Time % Phy DF OF
1 Boris Valabik Brian Lee 40 1 2 2
2 Andrej Sustr Paul Ladue 30 1 2 2
3 Tyler Wotherspoon Tyson Barrie 20 1 2 2
4 Boris Valabik Brian Lee 10 1 2 2
PowerPlay Forward
Center Left Wing Right Wing Time % Phy DF OF
1 John Tavares Guillaume Latendresse Michael Grabner 60 0 2 3
2 Evgeny Grachev Andrew Ladd Alex Chiasson 40 0 2 3
PowerPlay Defense
Defense Defense Time % Phy DF OF
1 Boris Valabik Brian Lee 60 1 2 2
2 Andrej Sustr Paul Ladue 40 1 2 2
Penalty Kill 4 Players Forward
Center Wing Time % Phy DF OF
1 John Tavares Guillaume Latendresse 60 1 2 2
2 Evgeny Grachev Andrew Ladd 40 1 2 2
Penalty Kill 4 Players Defense
Defense Defense Time % Phy DF OF
1 Boris Valabik Brian Lee 60 0 3 2
2 Andrej Sustr Paul Ladue 40 0 3 2
Penalty Kill - 3 Players Forward
Forward Time % Phy DF OF
1 John Tavares 60 1 2 2
2 Evgeny Grachev 40 1 2 2
Penalty Kill - 3 Players Defense
Defense Defense Time % Phy DF OF
1 Boris Valabik Brian Lee 60 0 3 2
2 Andrej Sustr Paul Ladue 40 0 3 2
4 vs 4 Forward
Center Wing Time % Phy DF OF
1 John Tavares Guillaume Latendresse 60 0 2 3
2 Evgeny Grachev Andrew Ladd 40 0 2 3
4 vs 4 Defense
Defense Defense Time % Phy DF OF
1 Boris Valabik Brian Lee 60 1 2 2
2 Andrej Sustr Paul Ladue 40 1 2 2
Last Minutes Offensive
Center Left Wing Right Wing Defense Defense
John Tavares Guillaume Latendresse Michael Grabner Boris Valabik Brian Lee
Last Minutes Defensive
Center Left Wing Right Wing Defense Defense
John Tavares Guillaume Latendresse Michael Grabner Boris Valabik Brian Lee
Goaltenders
Starting : Matt Murray
Backup : Jhonas Enroth
Extra Forwards
Normal : Andrew Ladd, Cam Atkinson, Tobias Rieder - PP : Andrew Ladd, Cam Atkinson - PK : Andrew Ladd
Extra Defensemen
Normal : Paul Ladue, Tyler Wotherspoon, Tyson Barrie - PP : Paul Ladue - PK : Paul Ladue, Tyler Wotherspoon
Penalty Shots
John Tavares, Michael Grabner, Guillaume Latendresse, Alex Chiasson, Andrew Ladd
Scratches
Tyler Brenner (Healthy)
Senateurs
5 vs 5 Forward
Center Left Wing Right Wing Time % Phy DF OF
1 Sidney Crosby Sean Bergenheim David Backes 40 0 2 3
2 Evgeni Malkin Rostislav Olesz Michael Frolik 30 0 2 3
3 Brandon Sutter Tim Schaller Jason Akeson 20 1 2 2
4 Cody Eakin Jordan Martinook Garnet Hathaway 10 1 2 2
5 vs 5 Defense
Defense Defense Time % Phy DF OF
1 Jared Cowen Eric Gelinas 40 1 2 2
2 Taylor Chorney Jeff Woywitka 30 1 2 2
3 Michael Matheson Anthony Bitetto 20 1 2 2
4 Jared Cowen Eric Gelinas 10 1 2 2
PowerPlay Forward
Center Left Wing Right Wing Time % Phy DF OF
1 Sidney Crosby Sean Bergenheim Michael Frolik 60 0 1 4
2 Evgeni Malkin Brandon Sutter David Backes 40 0 1 4
PowerPlay Defense
Defense Defense Time % Phy DF OF
1 Jared Cowen Eric Gelinas 60 0 1 4
2 Taylor Chorney Jeff Woywitka 40 0 1 4
Penalty Kill 4 Players Forward
Center Wing Time % Phy DF OF
1 Sidney Crosby Michael Frolik 50 1 2 2
2 Evgeni Malkin Sean Bergenheim 50 1 2 2
Penalty Kill 4 Players Defense
Defense Defense Time % Phy DF OF
1 Jared Cowen Eric Gelinas 50 1 2 2
2 Taylor Chorney Jeff Woywitka 50 1 2 2
Penalty Kill - 3 Players Forward
Forward Time % Phy DF OF
1 Sidney Crosby 50 1 2 2
2 Evgeni Malkin 50 1 2 2
Penalty Kill - 3 Players Defense
Defense Defense Time % Phy DF OF
1 Jared Cowen Eric Gelinas 50 1 2 2
2 Taylor Chorney Jeff Woywitka 50 1 2 2
4 vs 4 Forward
Center Wing Time % Phy DF OF
1 Sidney Crosby Sean Bergenheim 60 1 2 2
2 Evgeni Malkin Rostislav Olesz 40 1 2 2
4 vs 4 Defense
Defense Defense Time % Phy DF OF
1 Jared Cowen Eric Gelinas 60 1 2 2
2 Taylor Chorney Jeff Woywitka 40 1 2 2
Last Minutes Offensive
Center Left Wing Right Wing Defense Defense
Sidney Crosby Sean Bergenheim David Backes Jared Cowen Eric Gelinas
Last Minutes Defensive
Center Left Wing Right Wing Defense Defense
Sidney Crosby Sean Bergenheim David Backes Jared Cowen Eric Gelinas
Goaltenders
Starting : Jonathan Bernier
Backup : Brian Elliott
Extra Forwards
Normal : Sean Bergenheim, Brandon Sutter, Jason Akeson - PP : Sean Bergenheim, Brandon Sutter - PK : Sean Bergenheim
Extra Defensemen
Normal : Jeff Woywitka, Taylor Chorney, Michael Matheson - PP : Jeff Woywitka - PK : Jeff Woywitka, Taylor Chorney
Penalty Shots
Sidney Crosby, Evgeni Malkin, Brandon Sutter, Michael Frolik, Cody Eakin
Scratches
Ladislav Smid (Healthy), Linden Vey (Healthy)
% Time on Ice - Stars
Lines # - Real PCT - Wanted PCT - Time Play
Normal Forward
1 - 37% - 40% - 17:02
2 - 26% - 30% - 11:58
3 - 24% - 20% - 10:58
4 - 14% - 10% - 6:26
Normal Defense
1 - 39% - 40% - 18:19
2 - 35% - 30% - 16:07
3 - 21% - 20% - 9:57
4 - 4% - 10% - 2:01
PP Forward
1 - 42% - 60% - 1:02
2 - 58% - 40% - 1:25
PP Defense
1 - 79% - 60% - 1:56
2 - 21% - 40% - 0:31
PK Forward
1 - 79% - 60% - 7:17
2 - 21% - 40% - 1:53
PK Defense
1 - 53% - 60% - 4:49
2 - 47% - 40% - 4:21
PK3 Forward
1 - 80% - 60% - 1:35
2 - 20% - 40% - 0:24
PK3 Defense
1 - 100% - 60% - 1:59
2 - 0% - 40% - 0:00
44 Forward
1 - 0% - 60%
2 - 0% - 40%
44 Defense
1 - 0% - 60%
2 - 0% - 40%
Last Minute Offensive - 0:00
Last Minute Defensive - 0:00
Total
Forward - 60:00
Defense - 60:00
|
% Time on Ice - Senateurs
Lines # - Real PCT - Wanted PCT - Time Play
Normal Forward
1 - 36% - 40% - 16:42
2 - 26% - 30% - 11:53
3 - 22% - 20% - 10:19
4 - 16% - 10% - 7:30
Normal Defense
1 - 42% - 40% - 19:27
2 - 33% - 30% - 15:12
3 - 21% - 20% - 9:31
4 - 5% - 10% - 2:14
PP Forward
1 - 56% - 60% - 6:16
2 - 44% - 40% - 4:53
PP Defense
1 - 59% - 60% - 6:38
2 - 41% - 40% - 4:31
PK Forward
1 - 44% - 50% - 1:05
2 - 56% - 50% - 1:22
PK Defense
1 - 35% - 50% - 0:51
2 - 65% - 50% - 1:36
PK3 Forward
1 - 0% - 50%
2 - 0% - 50%
PK3 Defense
1 - 0% - 50%
2 - 0% - 50%
44 Forward
1 - 0% - 60%
2 - 0% - 40%
44 Defense
1 - 0% - 60%
2 - 0% - 40%
Last Minute Offensive - 0:00
Last Minute Defensive - 0:00
Total
Forward - 60:00
Defense - 60:00
|
Play-by-Play
1st period
0:01 of 1st period - John Tavares wins face-off versus Sidney Crosby in neutral zone.
0:49 of 1st period - Slapshot by Jared Cowen.
0:49 of 1st period - Shot Misses the Net.
1:15 of 1st period - Snap shot by Garnet Hathaway.
1:15 of 1st period - Stopped by Matt Murray with a rebound.
1:27 of 1st period - Snap shot by Guillaume Latendresse.
1:27 of 1st period - Shot Misses the Net.
1:29 of 1st period - Wrist shot by Michael Grabner.
1:29 of 1st period - Deflect By Guillaume Latendresse.
1:29 of 1st period - Shot Misses the Net.
1:29 of 1st period - Puck is out of play.
1:30 of 1st period - Evgeni Malkin wins face-off versus John Tavares in Senateurs zone.
1:57 of 1st period - Anthony Bitetto is hit by Guillaume Latendresse and loses puck.
2:39 of 1st period - Snap shot by Michael Frolik.
2:39 of 1st period - Stopped by Matt Murray without a rebound.
2:40 of 1st period - Sidney Crosby wins face-off versus Evgeny Grachev in Stars zone.
2:50 of 1st period - Minor Penalty to Brian Lee for Interference.
2:51 of 1st period - John Tavares wins face-off versus Sidney Crosby in Stars zone.
2:51 of 1st period - John Tavares is hit by Sidney Crosby.
3:25 of 1st period - Slapshot by Jared Cowen.
3:25 of 1st period - Stopped by Matt Murray with a rebound.
4:46 of 1st period - Jared Cowen is hit by Cory Emmerton and loses puck.
4:50 of 1st period - Penalty to Brian Lee is over, Brian Lee is back on ice.
5:05 of 1st period - Wrist shot by Jonathan Drouin.
5:05 of 1st period - Deflect By Cory Emmerton.
5:05 of 1st period - Stopped by Jonathan Bernier with a rebound.
5:07 of 1st period - Snap shot by Brian Lee.
5:07 of 1st period - Goal by Brian Lee - Stars : 1 - Senateurs : 0.
5:08 of 1st period - Sidney Crosby wins face-off versus Evgeny Grachev in neutral zone.
5:23 of 1st period - Snap shot by Andrew Ladd.
5:23 of 1st period - Stopped by Jonathan Bernier with a rebound.
5:35 of 1st period - Boris Valabik is hit by Cody Eakin and loses puck.
5:58 of 1st period - Snap shot by Evgeny Kuznetsov.
5:58 of 1st period - Stopped by Jonathan Bernier with a rebound.
6:00 of 1st period - Slapshot by Tyler Wotherspoon.
6:00 of 1st period - Deflect By Jeff Woywitka.
6:00 of 1st period - Stopped by Jonathan Bernier without a rebound.
6:01 of 1st period - Evgeny Grachev wins face-off versus Sidney Crosby in Senateurs zone.
6:47 of 1st period - Anthony Bitetto is hit by Boris Valabik and loses puck.
7:14 of 1st period - Off-side.
7:15 of 1st period - Evgeny Grachev wins face-off versus Sidney Crosby in neutral zone.
7:18 of 1st period - Snap shot by Evgeny Grachev.
7:18 of 1st period - Shot Misses the Net.
7:38 of 1st period - Wrist shot by David Backes.
7:38 of 1st period - Shot Misses the Net.
7:50 of 1st period - Slapshot by Sidney Crosby.
7:50 of 1st period - Stopped by Matt Murray without a rebound.
7:51 of 1st period - John Tavares wins face-off versus Brandon Sutter in Stars zone.
8:24 of 1st period - Eric Gelinas is hit by Tyson Barrie.
8:53 of 1st period - Icing by Tyler Wotherspoon.
8:54 of 1st period - Sidney Crosby wins face-off versus Evgeny Grachev in Stars zone.
9:05 of 1st period - Sidney Crosby is hit by Tyson Barrie and loses puck.
9:14 of 1st period - Alex Chiasson is hit by Jeff Woywitka and loses puck.
9:21 of 1st period - Wrist shot by Sean Bergenheim.
9:21 of 1st period - Stopped by Matt Murray without a rebound.
9:22 of 1st period - Brandon Sutter wins face-off versus Michael Grabner in Stars zone.
9:33 of 1st period - Anthony Bitetto is hit by Boris Valabik and loses puck.
9:52 of 1st period - Cory Emmerton is hit by Rostislav Olesz and loses puck.
10:17 of 1st period - Wrist shot by Andrew Ladd.
10:17 of 1st period - Shot Misses the Net.
10:53 of 1st period - Wrist shot by Jason Akeson.
10:53 of 1st period - Stopped by Matt Murray with a rebound.
10:55 of 1st period - Slapshot by Jeff Woywitka.
10:55 of 1st period - Stopped by Matt Murray without a rebound.
10:56 of 1st period - John Tavares wins face-off versus Brandon Sutter in Stars zone.
10:56 of 1st period - John Tavares is hit by Jason Akeson.
11:16 of 1st period - Wrist shot by John Tavares.
11:16 of 1st period - Deflect By Guillaume Latendresse.
11:16 of 1st period - Stopped by Jonathan Bernier without a rebound.
11:17 of 1st period - Sidney Crosby wins face-off versus Evgeny Grachev in Senateurs zone.
11:28 of 1st period - Slapshot by Sean Bergenheim.
11:28 of 1st period - Shot Blocked by Andrew Ladd.
11:59 of 1st period - Minor Penalty to Guillaume Latendresse for Roughing.
12:00 of 1st period - John Tavares wins face-off versus Sidney Crosby in Stars zone.
12:12 of 1st period - Snap shot by Andrew Ladd.
12:12 of 1st period - Stopped by Jonathan Bernier with a rebound.
12:14 of 1st period - Snap shot by John Tavares.
12:14 of 1st period - Stopped by Jonathan Bernier without a rebound.
12:15 of 1st period - John Tavares wins face-off versus Sidney Crosby in Senateurs zone.
13:43 of 1st period - Eric Gelinas is hit by Jonathan Drouin and loses puck.
13:59 of 1st period - Penalty to Guillaume Latendresse is over, Guillaume Latendresse is back on ice.
14:02 of 1st period - Snap shot by John Tavares.
14:02 of 1st period - Shot Misses the Net.
14:13 of 1st period - Andrej Sustr is hit by Jordan Martinook and loses puck.
15:16 of 1st period - Wrist shot by Jason Akeson.
15:16 of 1st period - Deflect By Brandon Sutter.
15:16 of 1st period - Shot Blocked by Tyson Barrie.
15:16 of 1st period - Puck is out of play.
15:17 of 1st period - Brandon Sutter wins face-off versus John Tavares in Stars zone.
15:18 of 1st period - Snap shot by Jason Akeson.
15:18 of 1st period - Shot Misses the Net.
15:20 of 1st period - Slapshot by Taylor Chorney.
15:20 of 1st period - Shot Misses the Net.
15:42 of 1st period - Snap shot by Jason Akeson.
15:42 of 1st period - Stopped by Matt Murray with a rebound.
15:44 of 1st period - Slapshot by Taylor Chorney.
15:44 of 1st period - Shot Misses the Net.
15:46 of 1st period - Snap shot by Brandon Sutter.
15:46 of 1st period - Shot Misses the Net.
15:48 of 1st period - Snap shot by Brandon Sutter.
15:48 of 1st period - Shot Misses the Net.
15:50 of 1st period - Wrist shot by Brandon Sutter.
15:50 of 1st period - Stopped by Matt Murray with a rebound.
16:06 of 1st period - Snap shot by Brandon Sutter.
16:06 of 1st period - Stopped by Matt Murray without a rebound.
16:07 of 1st period - Sidney Crosby wins face-off versus Evgeny Grachev in Stars zone.
16:36 of 1st period - Snap shot by Jonathan Drouin.
16:36 of 1st period - Stopped by Jonathan Bernier with a rebound.
16:38 of 1st period - Slapshot by Tyson Barrie.
16:38 of 1st period - Shot Misses the Net.
16:54 of 1st period - Michael Matheson is hit by Cory Emmerton.
17:10 of 1st period - Icing by Sidney Crosby.
17:11 of 1st period - Evgeni Malkin wins face-off versus Evgeny Grachev in Senateurs zone.
17:18 of 1st period - Slapshot by Evgeny Grachev.
17:18 of 1st period - Shot Misses the Net.
17:20 of 1st period - Snap shot by Boris Valabik.
17:20 of 1st period - Deflect By Andrew Ladd.
17:20 of 1st period - Shot Misses the Net.
17:20 of 1st period - Puck is out of play.
17:21 of 1st period - Evgeni Malkin wins face-off versus John Tavares in Senateurs zone.
17:54 of 1st period - Eric Gelinas is hit by Brian Lee.
18:16 of 1st period - Snap shot by Garnet Hathaway.
18:16 of 1st period - Shot Hit the Post.
18:18 of 1st period - Wrist shot by Jeff Woywitka.
18:18 of 1st period - Stopped by Matt Murray without a rebound.
18:19 of 1st period - John Tavares wins face-off versus Sidney Crosby in Stars zone.
18:24 of 1st period - Slapshot by Andrej Sustr.
18:24 of 1st period - Deflect By John Tavares.
18:24 of 1st period - Stopped by Jonathan Bernier with a rebound.
18:50 of 1st period - Backhand shot by Cam Atkinson.
18:50 of 1st period - Stopped by Jonathan Bernier with a rebound.
19:46 of 1st period - Sidney Crosby is hit by Boris Valabik and loses puck.
19:55 of 1st period - Guillaume Latendresse is hit by Sean Bergenheim and loses puck.
Goals for this period are 1 for Stars vs 0 for Senateurs.
Shots for this period are 11 for Stars vs 11 for Senateurs.
2nd period
0:01 of 2nd period - Sidney Crosby wins face-off versus John Tavares in neutral zone.
0:14 of 2nd period - Snap shot by Sidney Crosby.
0:14 of 2nd period - Deflect By Sean Bergenheim.
0:14 of 2nd period - Stopped by Matt Murray with a rebound.
0:16 of 2nd period - Wrist shot by Sidney Crosby.
0:16 of 2nd period - Stopped by Matt Murray with a rebound.
0:30 of 2nd period - Snap shot by Evgeny Grachev.
0:30 of 2nd period - Shot Misses the Net.
0:34 of 2nd period - Wrist shot by Andrew Ladd.
0:34 of 2nd period - Stopped by Jonathan Bernier without a rebound.
0:35 of 2nd period - Cory Emmerton wins face-off versus Sidney Crosby in Senateurs zone.
0:42 of 2nd period - Backhand shot by Cory Emmerton.
0:42 of 2nd period - Stopped by Jonathan Bernier without a rebound.
0:43 of 2nd period - Cory Emmerton wins face-off versus Sidney Crosby in Senateurs zone.
0:50 of 2nd period - Snap shot by Tobias Rieder.
0:50 of 2nd period - Shot Misses the Net.
1:10 of 2nd period - Snap shot by Michael Frolik.
1:10 of 2nd period - Shot Blocked by Andrej Sustr.
1:18 of 2nd period - Wrist shot by John Tavares.
1:18 of 2nd period - Stopped by Jonathan Bernier without a rebound.
1:19 of 2nd period - Sidney Crosby wins face-off versus Evgeny Grachev in Senateurs zone.
2:16 of 2nd period - Snap shot by Jason Akeson.
2:16 of 2nd period - Stopped by Matt Murray with a rebound.
2:55 of 2nd period - Snap shot by Tobias Rieder.
2:55 of 2nd period - Stopped by Jonathan Bernier without a rebound.
2:56 of 2nd period - John Tavares wins face-off versus Sidney Crosby in Senateurs zone.
3:01 of 2nd period - Michael Grabner is hit by Sidney Crosby and loses puck.
4:07 of 2nd period - Slapshot by Scott Kosmachuck.
4:07 of 2nd period - Goal by Scott Kosmachuck - Stars : 2 - Senateurs : 0.
4:08 of 2nd period - Sidney Crosby wins face-off versus Evgeny Grachev in neutral zone.
4:38 of 2nd period - Rostislav Olesz is hit by Michael Grabner and loses puck.
4:51 of 2nd period - Minor Penalty to Brian Lee for Tripping.
4:52 of 2nd period - John Tavares wins face-off versus Sidney Crosby in Stars zone.
6:13 of 2nd period - Jared Cowen is hit by Boris Valabik and loses puck.
6:51 of 2nd period - Penalty to Brian Lee is over, Brian Lee is back on ice.
7:15 of 2nd period - Slapshot by Taylor Chorney.
7:15 of 2nd period - Stopped by Matt Murray without a rebound.
7:16 of 2nd period - Brandon Sutter wins face-off versus Evgeny Kuznetsov in Stars zone.
7:43 of 2nd period - Slapshot by Garnet Hathaway.
7:43 of 2nd period - Stopped by Matt Murray with a rebound.
8:17 of 2nd period - Snap shot by Sidney Crosby.
8:17 of 2nd period - Shot Blocked by Paul Ladue.
8:19 of 2nd period - Slapshot by David Backes.
8:19 of 2nd period - Shot Misses the Net.
8:56 of 2nd period - Michael Matheson is hit by Guillaume Latendresse and loses puck.
9:30 of 2nd period - Icing by Brian Lee.
9:31 of 2nd period - Brandon Sutter wins face-off versus Evgeny Grachev in Stars zone.
9:44 of 2nd period - Snap shot by Jason Akeson.
9:44 of 2nd period - Shot Blocked by Evgeny Grachev.
10:05 of 2nd period - Snap shot by Sidney Crosby.
10:05 of 2nd period - Shot Misses the Net.
10:27 of 2nd period - Wrist shot by Evgeni Malkin.
10:27 of 2nd period - Shot Blocked by Evgeny Kuznetsov.
10:29 of 2nd period - Snap shot by Rostislav Olesz.
10:29 of 2nd period - Shot Misses the Net.
10:59 of 2nd period - Cory Emmerton is hit by Brandon Sutter and loses puck.
11:06 of 2nd period - Slapshot by Jason Akeson.
11:06 of 2nd period - Shot Misses the Net.
11:54 of 2nd period - Snap shot by Michael Frolik.
11:54 of 2nd period - Stopped by Matt Murray without a rebound.
11:55 of 2nd period - John Tavares wins face-off versus Evgeni Malkin in Stars zone.
12:11 of 2nd period - Boris Valabik is hit by Evgeni Malkin.
12:21 of 2nd period - Alex Chiasson is hit by Eric Gelinas and loses puck.
12:32 of 2nd period - Slapshot by David Backes.
12:32 of 2nd period - Shot Blocked by Andrew Ladd.
12:34 of 2nd period - Wrist shot by Sean Bergenheim.
12:34 of 2nd period - Stopped by Matt Murray with a rebound.
13:04 of 2nd period - Snap shot by Jordan Martinook.
13:04 of 2nd period - Shot Hit the Post.
13:06 of 2nd period - Slapshot by Jeff Woywitka.
13:06 of 2nd period - Shot Blocked by Tyler Wotherspoon.
13:32 of 2nd period - Wrist shot by Cory Emmerton.
13:32 of 2nd period - Stopped by Jonathan Bernier with a rebound.
13:34 of 2nd period - Slapshot by Tyson Barrie.
13:34 of 2nd period - Shot Misses the Net.
13:36 of 2nd period - Snap shot by Cory Emmerton.
13:36 of 2nd period - Stopped by Jonathan Bernier with a rebound.
14:02 of 2nd period - Minor Penalty to Sean Bergenheim for Holding.
14:03 of 2nd period - Sidney Crosby wins face-off versus Guillaume Latendresse in Senateurs zone.
14:38 of 2nd period - Wrist shot by Alex Chiasson.
14:38 of 2nd period - Stopped by Jonathan Bernier without a rebound.
14:39 of 2nd period - John Tavares wins face-off versus Michael Frolik in Senateurs zone.
14:46 of 2nd period - Snap shot by John Tavares.
14:46 of 2nd period - Goal by John Tavares - Stars : 3 - Senateurs : 0.
14:47 of 2nd period - Sidney Crosby wins face-off versus John Tavares in neutral zone.
15:00 of 2nd period - Slapshot by Sidney Crosby.
15:00 of 2nd period - Shot Misses the Net.
15:02 of 2nd period - Wrist shot by David Backes.
15:02 of 2nd period - Shot Misses the Net.
15:04 of 2nd period - Wrist shot by David Backes.
15:04 of 2nd period - Shot Blocked by John Tavares.
15:22 of 2nd period - Wrist shot by Brandon Sutter.
15:22 of 2nd period - Stopped by Matt Murray without a rebound.
15:23 of 2nd period - Evgeni Malkin wins face-off versus Evgeny Grachev in Stars zone.
16:11 of 2nd period - Wrist shot by Jason Akeson.
16:11 of 2nd period - Shot Misses the Net.
16:30 of 2nd period - Icing by Anthony Bitetto.
16:31 of 2nd period - John Tavares wins face-off versus Cody Eakin in Senateurs zone.
16:35 of 2nd period - Icing by Michael Matheson.
16:36 of 2nd period - John Tavares wins face-off versus Cody Eakin in Senateurs zone.
16:43 of 2nd period - Snap shot by John Tavares.
16:43 of 2nd period - Stopped by Jonathan Bernier with a rebound.
16:49 of 2nd period - Snap shot by John Tavares.
16:49 of 2nd period - Stopped by Jonathan Bernier with a rebound.
16:51 of 2nd period - Snap shot by Guillaume Latendresse.
16:51 of 2nd period - Stopped by Jonathan Bernier without a rebound.
16:52 of 2nd period - Sidney Crosby wins face-off versus Evgeny Grachev in Senateurs zone.
17:01 of 2nd period - Snap shot by David Backes.
17:01 of 2nd period - Stopped by Matt Murray with a rebound.
17:03 of 2nd period - Slapshot by Eric Gelinas.
17:03 of 2nd period - Stopped by Matt Murray with a rebound.
17:24 of 2nd period - Slapshot by Michael Frolik.
17:24 of 2nd period - Shot Blocked by John Tavares.
17:38 of 2nd period - Snap shot by Cory Emmerton.
17:38 of 2nd period - Stopped by Jonathan Bernier without a rebound.
17:39 of 2nd period - Brandon Sutter wins face-off versus Cory Emmerton in Senateurs zone.
17:50 of 2nd period - Wrist shot by Cory Emmerton.
17:50 of 2nd period - Stopped by Jonathan Bernier with a rebound.
17:54 of 2nd period - Backhand shot by Tobias Rieder.
17:54 of 2nd period - Shot Misses the Net.
18:06 of 2nd period - Guillaume Latendresse is hit by Sean Bergenheim and loses puck.
18:13 of 2nd period - Wrist shot by Sidney Crosby.
18:13 of 2nd period - Stopped by Matt Murray without a rebound.
18:14 of 2nd period - Evgeni Malkin wins face-off versus Evgeny Grachev in Stars zone.
18:31 of 2nd period - Michael Frolik is hit by Paul Ladue and loses puck.
18:55 of 2nd period - Minor Penalty to Paul Ladue for Slashing.
18:56 of 2nd period - John Tavares wins face-off versus Sidney Crosby in Stars zone.
19:08 of 2nd period - Wrist shot by Sidney Crosby.
19:08 of 2nd period - Goal by Sidney Crosby - Stars : 3 - Senateurs : 1.
19:09 of 2nd period - Sidney Crosby wins face-off versus John Tavares in neutral zone.
19:12 of 2nd period - Guillaume Latendresse is hit by Sean Bergenheim and loses puck.
19:16 of 2nd period - Icing by Guillaume Latendresse.
19:17 of 2nd period - Sidney Crosby wins face-off versus John Tavares in Stars zone.
19:24 of 2nd period - Wrist shot by David Backes.
19:24 of 2nd period - Stopped by Matt Murray without a rebound.
19:25 of 2nd period - John Tavares wins face-off versus Sidney Crosby in Stars zone.
19:36 of 2nd period - Snap shot by John Tavares.
19:36 of 2nd period - Shot Misses the Net.
19:39 of 2nd period - Icing by Jared Cowen.
19:40 of 2nd period - Sidney Crosby wins face-off versus Andrew Ladd in Senateurs zone.
19:59 of 2nd period - Snap shot by Sidney Crosby.
19:59 of 2nd period - Stopped by Matt Murray without a rebound.
Goals for this period are 2 for Stars vs 1 for Senateurs.
Shots for this period are 14 for Stars vs 14 for Senateurs.
3rd period
0:01 of 3rd period - Sidney Crosby wins face-off versus John Tavares in neutral zone.
1:14 of 3rd period - Wrist shot by Cam Atkinson.
1:14 of 3rd period - Goal by Cam Atkinson - Stars : 4 - Senateurs : 1.
1:15 of 3rd period - Sidney Crosby wins face-off versus John Tavares in neutral zone.
1:36 of 3rd period - Icing by Jeff Woywitka.
1:37 of 3rd period - Evgeny Grachev wins face-off versus Sidney Crosby in Senateurs zone.
1:40 of 3rd period - Snap shot by Alex Chiasson.
1:40 of 3rd period - Shot Misses the Net.
2:20 of 3rd period - Wrist shot by Sidney Crosby.
2:20 of 3rd period - Deflect By Sean Bergenheim.
2:20 of 3rd period - Stopped by Matt Murray with a rebound.
2:30 of 3rd period - Snap shot by David Backes.
2:30 of 3rd period - Shot Misses the Net.
2:32 of 3rd period - Snap shot by Sidney Crosby.
2:32 of 3rd period - Shot Misses the Net.
2:34 of 3rd period - Snap shot by Sidney Crosby.
2:34 of 3rd period - Shot Misses the Net.
2:36 of 3rd period - Slapshot by Sidney Crosby.
2:36 of 3rd period - Shot Misses the Net.
2:38 of 3rd period - Snap shot by Jeff Woywitka.
2:38 of 3rd period - Shot Misses the Net.
2:40 of 3rd period - Wrist shot by Sean Bergenheim.
2:40 of 3rd period - Stopped by Matt Murray with a rebound.
2:42 of 3rd period - Snap shot by Sean Bergenheim.
2:42 of 3rd period - Goal by Sean Bergenheim - Stars : 4 - Senateurs : 2.
2:43 of 3rd period - John Tavares wins face-off versus Evgeni Malkin in neutral zone.
2:46 of 3rd period - Michael Frolik is hit by Michael Grabner and loses puck.
3:06 of 3rd period - Icing by Guillaume Latendresse.
3:07 of 3rd period - John Tavares wins face-off versus Brandon Sutter in Stars zone.
3:07 of 3rd period - John Tavares is hit by Tim Schaller.
3:34 of 3rd period - Cory Emmerton is hit by Anthony Bitetto and loses puck.
3:45 of 3rd period - Slapshot by Jared Cowen.
3:45 of 3rd period - Shot Misses the Net.
3:47 of 3rd period - Slapshot by Eric Gelinas.
3:47 of 3rd period - Shot Blocked by Brian Lee.
4:18 of 3rd period - Icing by Eric Gelinas.
4:19 of 3rd period - Evgeni Malkin wins face-off versus Evgeny Kuznetsov in Senateurs zone.
4:19 of 3rd period - Evgeni Malkin is hit by Evgeny Kuznetsov.
4:53 of 3rd period - Snap shot by Michael Grabner.
4:53 of 3rd period - Shot Hit the Post.
5:15 of 3rd period - Slapshot by Paul Ladue.
5:15 of 3rd period - Stopped by Jonathan Bernier with a rebound.
5:17 of 3rd period - Minor Penalty to Evgeni Malkin for Tripping.
5:18 of 3rd period - John Tavares wins face-off versus Brandon Sutter in Senateurs zone.
5:27 of 3rd period - Snap shot by Michael Grabner.
5:27 of 3rd period - Shot Misses the Net.
5:29 of 3rd period - Wrist shot by Guillaume Latendresse.
5:29 of 3rd period - Stopped by Jonathan Bernier without a rebound.
5:30 of 3rd period - Sidney Crosby wins face-off versus Guillaume Latendresse in Senateurs zone.
6:56 of 3rd period - Slapshot by Brian Lee.
6:56 of 3rd period - Shot Blocked by Jared Cowen.
6:58 of 3rd period - Snap shot by Boris Valabik.
6:58 of 3rd period - Deflect By Jordan Martinook.
6:58 of 3rd period - Stopped by Jonathan Bernier with a rebound.
7:00 of 3rd period - Snap shot by Evgeny Grachev.
7:00 of 3rd period - Goal by Evgeny Grachev - Stars : 5 - Senateurs : 2.
7:01 of 3rd period - Evgeni Malkin wins face-off versus John Tavares in neutral zone.
7:11 of 3rd period - Icing by Paul Ladue.
7:12 of 3rd period - Sidney Crosby wins face-off versus John Tavares in Stars zone.
7:29 of 3rd period - Major / Game Misconduct Penalty to Andrej Sustr for Spearing.
7:29 of 3rd period - Andrej Sustr is ejected from game.
7:30 of 3rd period - Sidney Crosby wins face-off versus John Tavares in Stars zone.
7:52 of 3rd period - Minor Penalty to Boris Valabik for Tripping.
7:53 of 3rd period - John Tavares wins face-off versus Sidney Crosby in Stars zone.
8:06 of 3rd period - Brian Lee is hit by Michael Frolik and loses puck.
9:52 of 3rd period - Penalty to Boris Valabik is over, Boris Valabik is back on ice.
11:17 of 3rd period - Cody Eakin is hit by Tyler Wotherspoon and loses puck.
12:29 of 3rd period - Penalty to Andrej Sustr is over, Alex Chiasson is send on ice.
12:42 of 3rd period - Michael Matheson is hit by Scott Kosmachuck and loses puck.
13:01 of 3rd period - Evgeni Malkin is hit by Andrew Ladd and loses puck.
14:36 of 3rd period - Eric Gelinas is hit by Paul Ladue and loses puck.
15:47 of 3rd period - Paul Ladue is hit by Jeff Woywitka and loses puck.
16:02 of 3rd period - Evgeny Kuznetsov is hit by Garnet Hathaway and loses puck.
16:10 of 3rd period - Icing by Paul Ladue.
16:11 of 3rd period - Evgeny Kuznetsov wins face-off versus Sidney Crosby in Stars zone.
16:21 of 3rd period - Slapshot by Jeff Woywitka.
16:21 of 3rd period - Shot Misses the Net.
16:51 of 3rd period - Snap shot by David Backes.
16:51 of 3rd period - Deflect By Sean Bergenheim.
16:51 of 3rd period - Shot Misses the Net.
16:51 of 3rd period - Puck is out of play.
16:52 of 3rd period - Rostislav Olesz wins face-off versus Cory Emmerton in Stars zone.
16:56 of 3rd period - Icing by Boris Valabik.
16:57 of 3rd period - Evgeni Malkin wins face-off versus Cory Emmerton in Stars zone.
17:19 of 3rd period - Boris Valabik is hit by Taylor Chorney and loses puck.
17:24 of 3rd period - Snap shot by Michael Frolik.
17:24 of 3rd period - Stopped by Matt Murray with a rebound.
17:26 of 3rd period - Slapshot by Jeff Woywitka.
17:26 of 3rd period - Stopped by Matt Murray with a rebound.
17:28 of 3rd period - Wrist shot by Evgeni Malkin.
17:28 of 3rd period - Stopped by Matt Murray without a rebound.
17:29 of 3rd period - John Tavares wins face-off versus Sidney Crosby in Stars zone.
17:36 of 3rd period - Snap shot by David Backes.
17:36 of 3rd period - Shot Misses the Net.
17:56 of 3rd period - Tim Schaller is hit by Tyler Wotherspoon and loses puck.
18:05 of 3rd period - Paul Ladue is hit by Jared Cowen and loses puck.
18:23 of 3rd period - Icing by Jordan Martinook.
18:24 of 3rd period - Cody Eakin wins face-off versus Cory Emmerton in Senateurs zone.
18:37 of 3rd period - Snap shot by Tobias Rieder.
18:37 of 3rd period - Shot Blocked by Jeff Woywitka.
19:01 of 3rd period - Cody Eakin is hit by Cam Atkinson and loses puck.
19:10 of 3rd period - Slapshot by Cody Eakin.
19:10 of 3rd period - Shot Misses the Net.
19:16 of 3rd period - Backhand shot by Paul Ladue.
19:16 of 3rd period - Stopped by Jonathan Bernier with a rebound.
19:18 of 3rd period - Slapshot by Tyson Barrie.
19:18 of 3rd period - Shot Blocked by Eric Gelinas.
19:20 of 3rd period - Snap shot by Cam Atkinson.
19:20 of 3rd period - Stopped by Jonathan Bernier with a rebound.
19:22 of 3rd period - Slapshot by Tobias Rieder.
19:22 of 3rd period - Shot Misses the Net.
19:24 of 3rd period - Slapshot by Cam Atkinson.
19:24 of 3rd period - Goal by Cam Atkinson - Stars : 6 - Senateurs : 2.
19:25 of 3rd period - John Tavares wins face-off versus David Backes in neutral zone.
19:30 of 3rd period - Jared Cowen is hit by Guillaume Latendresse and loses puck.
19:51 of 3rd period - Evgeny Grachev is hit by Jason Akeson and loses puck.
19:57 of 3rd period - Tyler Wotherspoon is hit by Eric Gelinas and loses puck.
Goals for this period are 3 for Stars vs 1 for Senateurs.
Shots for this period are 8 for Stars vs 6 for Senateurs.